AoeStats
← 星空酒酒

Arena

505858259Analyzed
4v4 RM · 20d ago on Sep 11, 2026· 50m 11s· 8 players
Game mode
Random Map
Map size
Large (8 player)
Population
200
Speed
Normal
Resources
Standard
Victory
Conquest
Starting age
Dark Age
Ending age
Imperial Age
RankedLock teamsTeams togetherTeam positionsShared explorationLock speedFull tech treeHidden civsTurbo modeCheats
Victory
Defeat
🇨🇳 Franks · China
1067
+17
🇨🇳 Hindustanis · China
1066
+17
🇨🇳 Celts · China
1058
+17
🇮🇱 Magyars · Israel
1028
+18
🇨🇳 Saracens · China
1198
-22
🇨🇳 Britons · China
1092
-18
🇨🇳 Bohemians · China
1057
-16
🇨🇳 Mongols · China
976
-13
野象
10:35 Feudal Age
11:53 Double-Bit Axe
15:13 Castle Age
13:16 Horse Collar
14:02 Loom
15:54 Heavy Plow
16:05 Bow Saw
20:35 Wheelbarrow
22:10 Stone Mining
22:13 Gold Mining
26:52 Imperial Age
25:13 Stone Shaft Mining
27:15 Heavy Scorpion
29:06 Fletching
29:06 Town Watch
30:29 Chemistry
30:10 Furor Celtica
30:52 Ballistics
32:16 Siege Engineers
31:53 Treadmill Crane
33:37 Capped Ram
35:23 Siege Ram
36:40 Scale Mail Armor
36:50 Forging
36:53 Masonry
40:20 Pikeman
42:40 Chain Mail Armor
43:01 Iron Casting
43:31 Halberdier
shalevwood
11:29 Feudal Age
12:43 Double-Bit Axe
12:40 Horse Collar
15:37 Bloodlines
15:36 Scale Barding Armor
16:19 Gold Mining
19:00 Wheelbarrow
19:28 Stone Mining
22:01 Castle Age
22:20 Light Cavalry
23:41 Chain Barding Armor
23:38 Heavy Plow
24:41 Hand Cart
27:08 Husbandry
29:09 Bow Saw
40:56 Imperial Age
41:02 Hussar
42:22 Conscription
43:42 Plate Barding Armor
pacoyyds
0:30 Loom
13:08 Feudal Age
17:51 Castle Age
16:27 Wheelbarrow
15:43 Double-Bit Axe
18:08 Forging
18:56 Bow Saw
19:26 Fervor
27:24 Gold Mining
28:25 Hand Cart
28:11 Town Watch
29:14 Iron Casting
28:44 Scale Barding Armor
32:49 Imperial Age
30:21 Town Patrol
31:13 Gold Shaft Mining
30:32 Stone Mining
31:57 Chain Barding Armor
32:14 Fortified Wall
32:15 Masonry
32:01 Murder Holes
32:22 Husbandry
32:52 Cavalier
33:36 Chivalry
33:57 Conscription
34:41 Blast Furnace
34:17 Plate Barding Armor
33:32 Fletching
35:25 Hoardings
34:13 Paladin
38:36 Bodkin Arrow
38:41 Padded Archer Armor
39:52 Chemistry
39:24 Architecture
38:39 Arrowslits
39:15 Ballistics
39:01 Elite Throwing Axeman
40:08 #83
飞鱼
10:26 Feudal Age
15:18 Castle Age
14:14 Double-Bit Axe
16:04 Wheelbarrow
15:22 Horse Collar
17:47 Bow Saw
23:18 Scale Mail Armor
31:50 Imperial Age
31:32 Padded Archer Armor
32:04 Heavy Plow
33:19 Hand Cart
32:52 Town Watch
32:53 Loom
34:18 Chemistry
33:51 Conscription
33:50 Shatagni
35:11 Murder Holes
36:11 Fletching
36:52 Bodkin Arrow
38:03 Fortified Wall
涛哥
10:03 Feudal Age
14:08 Castle Age
11:53 Loom
12:28 Double-Bit Axe
20:58 Horse Collar
24:55 Loom
29:25 Imperial Age
27:07 Fletching
27:17 Padded Archer Armor
28:04 Wheelbarrow
27:33 Squires
26:54 Pikeman
27:31 Crossbowman
28:55 Bow Saw
28:43 Bodkin Arrow
30:49 Heavy Plow
31:48 Bracer
32:03 Leather Archer Armor
34:14 Ring Archer Armor
34:48 Chemistry
34:09 Ballistics
34:02 Arbalester
37:11 Conscription
40:19 Chemistry
42:18 Yeomen
44:20 Two-Man Saw
43:43 Ballistics
43:28 Gold Mining
43:20 Halberdier
48:39 Hand Cart
星空酒酒
10:17 Feudal Age
12:45 Wheelbarrow
14:35 Castle Age
12:23 Double-Bit Axe
12:31 Horse Collar
16:41 Bow Saw
20:11 Wheelbarrow
19:25 Loom
23:10 Scale Mail Armor
23:21 Pikeman
25:59 Forging
27:08 Scale Barding Armor
31:14 Gold Mining
31:14 Stone Mining
31:41 Bloodlines
31:52 Husbandry
38:10 Iron Casting
49:21 Imperial Age
47:07 Hand Cart
48:42 Chain Barding Armor
49:31 Heavy Camel Rider
转世
10:47 Feudal Age
15:09 Castle Age
13:25 Double-Bit Axe
13:22 Horse Collar
16:58 Bow Saw
16:49 Heavy Plow
22:57 Fervor
24:57 Loom
25:48 Wheelbarrow
26:11 Pikeman
26:51 Squires
30:45 Imperial Age
28:31 Hand Cart
28:12 Arson
29:30 Chemistry
28:10 Treadmill Crane
28:58 Scale Mail Armor
29:08 Forging
29:23 Ballistics
29:55 Chain Mail Armor
31:00 Houfnice
32:20 Siege Engineers
32:55 Iron Casting
33:24 Coinage
32:54 Caravan
33:36 Conscription
33:51 Wagenburg Tactics
37:43 Plate Mail Armor
38:14 Blast Furnace
36:36 Halberdier
37:30 Man-at-Arms
42:55 Two-Man Saw
43:51 Banking
崽仔
11:57 Feudal Age
12:40 Double-Bit Axe
15:40 Castle Age
13:46 Horse Collar
16:51 Bow Saw
16:52 Loom
23:13 Fletching
25:44 Bodkin Arrow
44:13 Wheelbarrow
Connection lost

Rejoining the realm…

Still unreachable

The connection could not be restored.

Session expired

The server has moved on; the page needs a fresh start.